 Dungeon Crawl Stone Soup version 0.27.1-33-g824d729ab1 (webtiles) character file.

Game seed: 7450319298251779818

1731 zeram the Ducker (level 8, -3/67 HPs)
             Began as a Troll Summoner on Dec 13, 2021.
             Succumbed to Harold's poison
             ... on level 7 of the Dungeon.
             The game lasted 00:14:05 (6303 turns).

zeram the Ducker (Troll Summoner)                   Turns: 6303, Time: 00:14:05

Health: -3/67      AC:  7    Str: 23    XL:     8   Next: 76%
Magic:  4/8        EV: 11    Int: 19    God:
Gold:   417        SH:  0    Dex: 10    Spells: 4/9 levels left

rFire    . . .     SeeInvis .   o - +4 flail of Noirarph {venom, rC- Will+ Int+6}
rCold    x . .     Faith    .   (no shield)
rNeg     . . .     Spirit   .   a - +0 robe
rPois    .         Reflect  .   (helmet restricted)
rElec    .         Harm     .   p - +2 cloak
rCorr    .         Rampage  .   (gloves unavailable)
Will     +....                  (boots unavailable)
Stlth    +.........             (no amulet)
HPRegen  1.21/turn              b - +6 ring of strength
MPRegen  0.11/turn              (no ring)

@: lethally poisoned (-3 -> -19), marked, hasted, very quick
A: large, unfitting armour, claws 3, regeneration 1, shaggy fur 1, tough skin 1
a: no special abilities


You were on level 7 of the Dungeon.
You visited 1 branch of the dungeon, and saw 7 of its levels.
You also visited: Ossuary.

You collected 417 gold pieces.

Inventory:

Hand Weapons
 f - a +4 flail
 h - a +0 whip
 o - the +4 flail of Noirarph (weapon) {venom, rC- Will+ Int+6}
   (You found it on level 4 of the Dungeon)

   It poisons the flesh of those it strikes.
   Int:       It affects your intelligence (+6).
   rC:        It makes you vulnerable to cold.
   Will:      It increases your willpower.
 x - a +2 giant spiked club
Armour
 a - a +0 robe (worn)
 k - a +0 cloak
 p - a +2 cloak (worn)
Jewellery
 b - a +6 ring of strength (left claw)
Wands
 j - a wand of iceblast (8)
 l - a wand of paralysis (13)
 n - a wand of polymorph (17)
 w - a wand of flame (21)
Scrolls
 t - 2 scrolls of fog
Potions
 c - 4 potions of curing
 d - 2 potions of haste
 e - a potion of heal wounds
 g - a potion of invisibility {unknown}
 i - a potion of resistance {unknown}
 m - 3 potions of attraction
 q - a potion of flight {unknown}
 r - 2 potions of might {unknown}
 s - 2 potions of magic {unknown}
 v - a potion of berserk rage {unknown}


   Skills:
 + Level 2.9 Maces & Flails
 + Level 7.2 Dodging
 - Level 1.0 Stealth
 - Level 1.2 Spellcasting
 + Level 5.9 Summonings


You had 4 spell levels left.
You knew the following spells:

 Your Spells              Type           Power      Damage    Failure   Level
a - Call Canine Familiar  Summ           23%        N/A       4%          3
b - Call Imp              Summ           23%        N/A       2%          2

Your spell library contained the following spells:

 Spells                   Type           Power      Damage    Failure   Level
 Summon Small Mammal      Summ           92%        N/A       1%          1
 Summon Guardian Golem    Hex/Summ       12%        N/A       16%         3
 Ensorcelled Hibernation  Hex/Ice        2%         N/A       28%         2
 Summon Lightning Spire   Summ/Air       12%        N/A       47%         4
 Spider Form              Tmut/Pois      0%         N/A       50%         3
 Shadow Creatures         Summ           N/A        N/A       94%         6


Dungeon Overview and Level Annotations

Branches:
Dungeon (7/15)            Ossuary (visited)
 Temple: D:4-7

Altars:
Hepliaklqana
The Shining One

Shops:
D:7 *

Annotations:
D:4 Dowan, Duvessa
D:7 Harold


Innate Abilities, Weirdness & Mutations

You are too large for most types of armour.
You have claws for hands.
Your natural rate of healing is unusually fast.
You are covered in fur. (AC +1)
You have tough skin. (AC +1)


Message History

Harold barely misses you.
Your crimson imp hits Harold.
The kobold hits you but does no damage.
Your crimson imp barely misses Harold.
You feel sick.
Harold throws a throwing net.
The throwing net hits you.
You become entangled in the net!
Your crimson imp hits Harold.
You see here a throwing net.
You tear a large gash into the net.
You feel sick.
The kobold throws a stone.
The stone hits you but does no damage.
Your crimson imp hits Harold but does no damage.
You struggle against the net.
You feel sick.
Unknown command.
You shred the net and break free!
You feel sick.
Harold hits you with a +1 flail of venom.
You are more poisoned.
Your crimson imp hits Harold but does no damage.
The kobold hits you but does no damage.
You feel sick.
Your crimson imp completely misses Harold.
You feel very sick.
The kobold hits your crimson imp with a +0 dagger.
Harold throws a throwing net.
The throwing net hits you.
You become entangled in the net!
Your crimson imp hits the kobold but does no damage.
You see here a throwing net.
You struggle against the net.
You feel sick.
Your crimson imp misses the kobold.
The kobold barely misses your crimson imp.
Unknown command.
You struggle against the net.
You feel sick.
Your crimson imp hits the kobold.
Your crimson imp barely misses the kobold.
You tear a large gash into the net.
You feel sick.
Your crimson imp blinks!
Harold hits you with a +1 flail of venom!
* * * LOW HITPOINT WARNING * * *
You are lethally poisoned!
Your crimson imp completely misses the kobold.
You rip the net and break free!
* * * LOW HITPOINT WARNING * * *
You feel very sick.
Unknown command.
You die...

.........#.#.# #.........
.........#.#.# #.##..........
.........#.#.# #.##..........
###......#.#<# #.##..........
........)#.#.# #.##..........
##...#)##.#.# #.##..........
#...#....#.# #.##..........
#...####.).#####.##.)........
#...#####..)@.@K5............
#.............##.ยง....##...##
#.##......######5...##.....
#.##.##..#.#..#.#...##.....
#.##.#...##.##.##....'.....
#.##.##.##.#..#.##.5##.....
#.##.#..##.#..#.##..##....#
#######.##.##..##.##.##..5##....#
...............#.#..#.#......##.#


You could see Harold, a kobold (ally target) and a friendly crimson imp
(summoned).

Vanquished Creatures
  2 water moccasins (D:6)
  An orc warrior (D:7)
  A necrophage (D:5)
  An ogre (D:3)
  2 centaurs
  A kobold brigand (D:7)
  2 scorpions (D:5)
  2 water moccasin zombies (Ossuary)
  4 water moccasin skeletons
  A bullfrog skeleton (D:6)
  2 hounds (D:5)
  An orc priest (D:6)
  A gnoll shaman (D:7)
  An orc wizard (D:7)
  Natasha (D:4)
  2 iguanas (D:6)
  A hound skeleton (D:5)
  2 mummies (Ossuary)
  Robin (D:4)
  8 gnolls
  3 adders
  A shadow imp (D:7)
  An ufetubus (D:5)
  2 adder zombies (Ossuary)
  An adder skeleton (D:2)
  4 dart slugs
  16 orcs
  6 bats
  9 endoplasms
  5 giant cockroaches
  3 gnoll zombies (Ossuary)
  7 hobgoblins
  3 quokkas
  8 ball pythons
  2 frilled lizards
  16 goblins
  6 hobgoblin zombies (Ossuary)
  11 kobolds
  3 kobold zombies (Ossuary)
  5 orc zombies (Ossuary)
  2 rats
151 creatures vanquished.

Vanquished Creatures (collateral kills)
  An ogre (D:5)
  Ijyb (D:3)
  An orc wizard (D:6)
  Natasha (twice) (D:4)
  4 gnolls
  An adder (D:4)
  A worm (D:3)
  7 goblins
  A hobgoblin (D:4)
  A kobold (D:7)
  A kobold zombie (Ossuary)
21 creatures vanquished.

Grand Total: 172 creatures vanquished

Notes
Turn   | Place    | Note
-------+----------+-------------------------------------------
     0 | D:1      | zeram the Troll Summoner began the quest for the Orb.
     0 | D:1      | Reached XP level 1. HP: 16/16 MP: 1/1
   162 | D:1      | Reached XP level 2. HP: 24/24 MP: 2/2
   209 | D:1      | Found a faded altar of an unknown god.
   392 | D:1      | Reached XP level 3. HP: 31/31 MP: 3/3
   909 | D:2      | Reached skill level 2 in Dodging
  1484 | D:2      | Learned a level 2 spell: Call Imp
  1521 | D:3      | Reached XP level 4. HP: 25/39 MP: 4/4
  1792 | D:3      | Noticed Ijyb
  1802 | D:3      | Killed Ijyb
  2164 | D:3      | Noticed an ogre
  2183 | D:3      | Killed an ogre
  2184 | D:3      | Reached skill level 3 in Dodging
  2184 | D:3      | Reached XP level 5. HP: 25/45 MP: 3/5
  2395 | D:4      | Learned a level 3 spell: Call Canine Familiar
  2535 | D:4      | Noticed Natasha
  2553 | D:4      | Killed Natasha
  2571 | D:4      | Noticed Natasha
  2582 | D:4      | Killed Natasha
  2639 | D:4      | Noticed Natasha
  2644 | D:4      | Killed Natasha
  2780 | D:4      | Noticed Robin
  2827 | D:4      | Killed Robin
  2947 | D:4      | Reached XP level 6. HP: 34/53 MP: 1/6
  3273 | D:4      | Reached skill level 4 in Dodging
  3547 | D:5      | Entered Level 5 of the Dungeon
  3570 | D:5      | Noticed Duvessa
  3626 | D:5      | Noticed Dowan
  4009 | D:4      | Reached XP level 7. HP: 17/59 MP: 4/7
  4067 | D:5      | Reached skill level 5 in Dodging
  4232 | D:4      | Identified the +4 flail of Noirarph {venom, rC- Will+
                  | Int+6}
  4299 | D:5      | Found a glowing golden altar of the Shining One.
  4382 | D:5      | Reached skill level 5 in Summonings
  4692 | D:6      | Found a hazy altar of Hepliaklqana.
  4719 | D:6      | Found a sand-covered staircase.
  4728 | Ossuary  | Entered an ossuary
  4799 | Ossuary  | Reached skill level 6 in Dodging
  4936 | Ossuary  | Reached XP level 8. HP: 56/67 MP: 8/8
  5520 | D:6      | Reached skill level 1 in Maces & Flails
  5874 | D:7      | Found Esonloni's Lightly-Used Armoury.
  5882 | D:7      | Reached skill level 7 in Dodging
  6164 | D:7      | Noticed Harold
  6302 | D:7      | HP: 1/67 [poisoned by Harold]
  6303 | D:7      | Succumbed to Harold's poison

Illustrated notes

Levels and vault maps discovered:
D:1:      elethiomel_arrival_infinity_welcomes_careful_drivers, layout_rooms,
          shapermc_ecumenical_altar_totnotflames, chequers_mini_garden,
          minivault_19, chequers_serial_rivers_small_b
D:2:      layout_basic, kennysheep_generic_room_12
D:3:      layout_basic, minmay_ogre_servants, uniq_ijyb
D:4:      layout_basic, uniq_natasha, uniq_robin
D:5:      layout_rooms, nicolae_tso_swordbearing_angel, minmay_misc_feat_tower,
          grunt_decor_one_mirror, uniq_duvessa
D:6:      wander_river, layout_basic, mainiacjoe_overflow_chevrons,
          nicolae_ossuary_entry_ruins, uniq_eustachio
D:7:      layout_basic, nicolae_yredelemnul_ghost_church,
          minmay_temple_entry_statues_fountains, minmay_shop_damaged,
          grunt_ministairs_14, minivault_22, uniq_harold

Skill      XL: |  1  2  3  4  5  6  7  8 |
---------------+-------------------------+-----
Summonings     | 3 4 5 |  5.9
Dodging        | 2 3 4 6 7 |  7.2
Maces & Flails | 2 |  2.9
Stealth        | |  1.0
Spellcasting   | |  1.2

Action                   |  1- 3 |  4- 6 |  7- 9 || total
-------------------------+-------+-------+-------++-------
Melee: Unarmed           |   108 |       |       ||   108
       Whip              |    33 |   419 |    12 ||   464
       Flail             |       |       |   170 ||   170
 Cast: Call Imp          |       |    21 |    24 ||    45
       Call Canine Famil |       |       |     5 ||     5
  Use: Scroll            |       |     7 |    11 ||    18
       Potion            |       |     2 |     4 ||     6
 Stab: Sleeping          |     2 |     2 |       ||     4
       Distracted        |       |     2 |     1 ||     3
Armor: Robe              |    49 |   145 |    82 ||   276
Dodge: Dodged            |    74 |   269 |   147 ||   490
